 Dungeon Crawl Stone Soup version 0.30-a0-141-g30f27751c5 (webtiles) character file.

Game seed: 10006161532282635086

306457 Decritt the Warrior (level 21, -11/148 HPs)
             Began as a Gargoyle Fighter on Sept 25, 2022.
             Was an Elder of Zin.
             Mangled by a Hell Sentinel (18 damage)
             ... summoned by a deep elf demonologist
             ... on level 1 of the Elven Halls.
             The game lasted 03:02:07 (46209 turns).

Decritt the Warrior (Gargoyle Fighter)             Turns: 46209, Time: 03:02:07

Health: -11/148    AC: 40    Str: 32    XL:     21   Next: 16%
Magic:  40/40      EV: 10    Int: 10    God:    Zin [****..]
Gold:   1975       SH: 22    Dex: 13    Spells: 20/20 levels left

rFire   + + +      SeeInvis .    M - +10 morningstar "Eos" {elec, Halo rElec}
rCold   + + .      Faith    +    q - +3 tower shield {rC+}
rNeg    + . .      Spirit   .    J - +2 plate armour {rF+}
rPois   ∞          Reflect  .    D - +1 helmet
rElec   +          Harm     .    e - scarf {rC+ rF+}
rCorr   .          Rampage  .    i - +2 pair of gloves
Will    ++++.                    N - +1 pair of boots
Stlth   ..........               v - amulet of Peskiem {Faith Will+++}
HPRegen 0.34/turn                s - +6 ring of strength
MPRegen 0.27/turn                p - ring "Pabang" {rElec rF+ MP+9}

@: flying, glowing
A: sickness immunity, AC +16, big wings, negative energy resistance 1,
electricity resistance, torment resistance 1, petrification resistance, deformed
body
}: 2/15 runes: decaying, serpentine
a: Renounce Religion, Recite, Vitalisation, Imprison, Donate Gold


You were on level 1 of the Elven Halls.
You worshipped Zin.
Zin was greatly pleased with you.
You visited 9 branches of the dungeon, and saw 36 of its levels.
You visited the Abyss 2 times.
You visited 1 bazaar.
You also visited: Bailey, Gauntlet and Wizlab.

You collected 3558 gold pieces.
You spent 994 gold pieces at shops.
You donated 589 gold pieces to Zin.

Inventory:

Hand Weapons
 M - the +10 morningstar "Eos" (weapon) {elec, Halo rElec}
   (You acquired it on level 10 of the Dungeon)

   It occasionally discharges a powerful burst of electricity upon striking a
   foe.
   It grants its wielder a halo, revealing invisible creatures and increasing
   accuracy against all within it other than the wielder.
   rElec:     It insulates you from electricity.
Missiles
 b - a throwing net
 K - 5 javelins
 O - 2 silver javelins
Armour
 e - a scarf of resistance (worn)
 i - a +2 pair of gloves (worn)
 q - a +3 tower shield of cold resistance (worn)
 D - a +1 helmet (worn)
 J - a +2 plate armour of fire resistance (worn)
 N - a +1 pair of boots (worn)
Jewellery
 h - a ring of protection from cold
 p - the ring "Pabang" (right hand) {rElec rF+ MP+9}
   (You found it on level 5 of the Dungeon)

   [ring of magical power]

   rF:        It protects you from fire.
   rElec:     It insulates you from electricity.
   MP:        It affects your magic capacity (+9).
 s - a +6 ring of strength (left hand)
 u - the amulet "Sugem" {Faith Regen+ Str+2}
   (You acquired it on level 6 of the Dungeon)

   [amulet of faith]

   It allows you to gain divine favour quickly.
   Str:       It affects your strength (+2).
   Regen:     It increases your rate of health regeneration.
 v - the amulet of Peskiem (around neck) {Faith Will+++}
   (You acquired it on level 2 of the Depths)

   [amulet of faith]

   It allows you to gain divine favour quickly.
   Will:      It greatly increases your willpower.
 x - a +6 ring of dexterity
 G - an amulet of guardian spirit
 L - a ring of resist corrosion
 R - an amulet of regeneration
Wands
 n - a wand of acid (8)
Scrolls
 a - 2 scrolls of brand weapon
 j - 4 scrolls of teleportation
 l - 6 scrolls of butterflies
 m - 4 scrolls of fear
 r - 3 scrolls of enchant weapon
 t - a scroll of blinking
 w - 5 scrolls of poison
 y - 2 scrolls of magic mapping
 H - 5 scrolls of noise
 S - a scroll of summoning
Potions
 c - 5 potions of heal wounds
 d - 2 potions of might
 f - 3 potions of attraction
 g - 3 potions of cancellation
 k - 6 potions of magic
 o - a potion of ambrosia
 z - 7 potions of haste
 B - 3 potions of resistance
 C - 8 potions of mutation
 F - 3 potions of berserk rage
 I - 11 potions of curing


   Skills:
 * Level 20.8 Fighting
 + Level 16.4 Maces & Flails
 - Level 6.0 Throwing
 * Level 17.6 Armour
 + Level 8.9 Dodging
 * Level 16.9 Shields
 + Level 13.6 Invocations


You had 20 spell levels left.
You didn't know any spells.
Your spell library contained the following spells:

 Spells                   Type           Power      Damage    Failure   Level
 Freeze                   Ice            0%         1d3       99%         1
 Magic Dart               Conj           0%         1d3       99%         1
 Shock                    Conj/Air       0%         1d3       99%         1
 Ensorcelled Hibernation  Hex/Ice        0%         N/A       100%        2
 Passwall                 Tmut/Erth      0%         N/A       100%        2
 Searing Ray              Conj           0%         2d4       100%        2
 Static Discharge         Conj/Air       0%         2-2/arc   100%        2
 Frozen Ramparts          Ice            0%         1d1       100%        3
 Ignite Poison            Fire/Tmut/Pois 0%         N/A       100%        3
 Inner Flame              Hex/Fire       0%         N/A       100%        3
 Mephitic Cloud           Conj/Pois/Air  0%         N/A       100%        3
 Spider Form              Tmut/Pois      0%         N/A       100%        3
 Swiftness                Air            0%         N/A       100%        3
 Tukima's Dance           Hex            0%         N/A       100%        3
 Airstrike                Air            0%         2d(0-16)  100%        4
 Anguish                  Hex/Necr       0%         N/A       100%        4
 Cause Fear               Hex            0%         N/A       100%        4
 Dispel Undead            Necr           0%         3d6       100%        4
 Fulminant Prism          Conj/Hex       0%         3d6       100%        4
 Hailstorm                Conj/Ice       0%         3d3       100%        4
 Ice Form                 Ice/Tmut       0%         N/A       100%        4
 Leda's Liquefaction      Hex/Erth       0%         N/A       100%        4
 Olgreb's Toxic Radiance  Pois           0%         N/A       100%        4
 Petrify                  Tmut/Erth      0%         N/A       100%        4
 Sticky Flame             Conj/Fire      0%         2d3       100%        4
 Blade Hands              Tmut           0%         N/A       100%        5
 Fireball                 Conj/Fire      0%         3d3       100%        5
 Freezing Cloud           Conj/Ice/Air   0%         6-21      100%        5
 Irradiate                Conj/Tmut      0%         3d11      100%        5
 Iskenderun's Battlesphe  Conj           0%         2d6       100%        5
 Lee's Rapid Deconstruct  Erth           0%         3d5*      100%        5
 Summon Forest            Summ/Tloc      0%         N/A       100%        5
 Summon Mana Viper        Hex/Summ       0%         N/A       100%        5
 Conjure Ball Lightning   Conj/Air       0%         3x3d6     100%        6
 Death Channel            Necr           0%         N/A       100%        6
 Simulacrum               Ice/Necr       0%         N/A       100%        6
 Summon Cactus Giant      Summ           0%         N/A       100%        6
 Dragon Form              Tmut           0%         N/A       100%        7
 Orb of Destruction       Conj           0%         9d5       100%        7
 Ozocubu's Refrigeration  Ice            0%         4d7       100%        7
 Discord                  Hex            0%         N/A       100%        8
 Disjunction              Tloc           0%         N/A       100%        8
 Ignition                 Fire           0%         3d3       100%        8
 Death's Door             Necr           0%         N/A       100%        9
 Cigotuvi's Dreadful Rot  Necr/Pois/Air  Unusable   N/A       N/A         2
 Sublimation of Blood     Necr           Unusable   N/A       N/A         2
 Statue Form              Tmut/Erth      Unusable   N/A       N/A         6

Dungeon Overview and Level Annotations

Branches:
Dungeon (15/15)            Temple (1/1) D:4            Lair (5/5) D:9
  Swamp (4/4) Lair:2        Snake (4/4) Lair:2        Slime (0/5) Lair:4
    Orc (2/2) D:9             Elf (1/3) Orc:2        Vaults (1/5) D:13
 Depths (3/4) D:15         Bailey (visited)          WizLab (visited)
Gauntlet (visited)

Altars:
Ashenzari
Cheibriados
Dithmenos
Elyvilon
Fedhas
Gozag
Kikubaaqudgha
Makhleb
Nemelex Xobeh
Okawaru
Qazlal
Ru
Sif Muna
Trog
Uskayaw
Vehumet
Wu Jian
Yredelemnul
Zin
The Shining One

Shops:
D:8 *   D:11 [   Orc:2 [[!::!(   Snake:2 (*   Depths:1 *

Portals:
Hell: Depths:1 Depths:2
Pandemonium: Depths:2
Ziggurat: Depths:2

Annotations:
Depths:2 1 exclusion


Innate Abilities, Weirdness & Mutations

You are immune to sickness and miasma.
Your stone body is resilient. (AC +16)
You are immune to poison.
Your large and strong wings let you fly.
You resist negative energy. (rN+)
You are resistant to electric shocks. (rElec)
You are resistant to unholy torment.
You are immune to petrification.
Armour fits poorly on your strangely shaped body.


Message History

You hit the Hell Sentinel.
The Hell Sentinel is lightly wounded.
You hit the Hell Sentinel but do no damage.
The Hell Sentinel is lightly wounded.
The Hell Sentinel hits you but does no damage. x2
You hit the Hell Sentinel but do no damage.
The Hell Sentinel is lightly wounded.
The Hell Sentinel hits you but does no damage.
You block the Hell Sentinel's attack.
You puncture the Hell Sentinel!
The Hell Sentinel is lightly wounded.
You block the red devil's attack.
You block the Hell Sentinel's attack. x2
You bludgeon the Hell Sentinel!!
The Hell Sentinel is moderately wounded.
The balrug gestures at you. Something smites you!
* * * LOW HITPOINT WARNING * * *
You block the red devil's attack.
You sock the Hell Sentinel!
The Hell Sentinel is moderately wounded.
The Hell Sentinel barely misses you. You block the Hell Sentinel's attack.
You block the red devil's attack.
You bludgeon the Hell Sentinel!!
The Hell Sentinel is heavily wounded.
The Hell Sentinel gestures at you.
The sphere of damnation explodes!
The damnation engulfs you!!!
* * * LOW HITPOINT WARNING * * *
The damnation engulfs the Hell Sentinel.
The Hell Sentinel completely resists.
You block the red devil's attack.
Okay, then.
You feel much better.
The tormentor calls on the powers of darkness!
The deep elf archer convulses!
The deep elf demonologist convulses!
Your body is wracked with pain!
* * * LOW HITPOINT WARNING * * *
The balrug gestures at you. Something smites you!
* * * LOW HITPOINT WARNING * * *
The Hell Sentinel hits you!!
You die...

##.##......# .# .
##'###.....# .# ..
#..........# '.# ..°
#....(.....# ..#EE○○
#..........#
####22.ee☼8
#..........####e4eE.#
#..........)...4eEe☼#
+.........######1##.#
#.....^..## #@# .#
#.......## #.# .
#......## #.# ##
#.....## #+## #####'#
#.).## #.# ##.....##
#####.## ##.......#
.......#####........#
###........'........#


You could see a Hell Sentinel (summoned), a balrug (summoned), a deep elf
demonologist, a deep elf archer (repels missiles), an earth elemental, a deep
elf zephyrmancer, a tormentor (summoned), a fire elemental (summoned), a chaos
spawn (summoned) and a red devil (summoned).

Vanquished Creatures
  Vashnia (Snake:1)
  Saint Roka (Orc:1)
  Nikola (Depths:2)
  A tentacled monstrosity (Swamp:4)
  Jorgrun (D:13)
  A sphinx (Depths:2)
  A tentacled starspawn (Abyss:2)
  Kirke (Snake:4)
  3 fenstrider witches
  14 nagarajas
  A fire giant (D:15)
  2 daevas (Depths:2)
  4 frost giants
  Louise (Swamp:2)
  A balrug (Depths:1)
  An orc warlord (Orc:1)
  A cacodemon (WizLab)
  2 spriggan defenders (Depths:2)
  A demonspawn corrupter (WizLab)
  An ironbound preserver (D:13)
  3 reapers (Depths:1)
  2 very ugly things (Depths:3)
  2 stone giants (Depths:2)
  2 vampire knights (Depths:2)
  2 eleionomae
  A deep elf annihilator (Elf:1)
  The ghost of Iidacon the Cleaver, a journeyman FoFi of Zin (Lair:2)
  A minotaur (Gauntlet)
  4 bunyips
  Snorg (D:13)
  An eidolon (Abyss:2)
  A merfolk javelineer (WizLab)
  2 deep elf death magi (Elf:1)
  5 ettins
  3 shambling mangroves
  A yaktaur captain (Vaults:1)
  4 fire dragons
  4 ice dragons
  3 salamander tyrants
  Erolcha (Orc:2)
  4 rakshasas
  A merfolk aquamancer (WizLab)
  4 centaur warriors
  3 spriggan air magi
  31 hydras
  4 catoblepae
  8 anacondas
  2 ironbound frosthearts (Vaults:1)
  A two-headed ogre (D:7)
  5 boulder beetles
  9 alligators
  6 dancing weapons (Elf:1)
  14 naga warriors
  2 tengu warriors
  A vampire mage (Depths:1)
  4 spriggan berserkers
  3 hell hogs (Depths:1)
  3 thrashing horrors (Abyss:2)
  Nergalle (Lair:2)
  A storm dragon zombie (Abyss:2)
  16 death yaks
  8 shock serpents
  3 deep elf knights (Elf:1)
  2 soul eaters
  7 hell knights (Depths:1)
  15 naga sharpshooters
  3 sun demons
  3 wretched stars (Abyss:2)
  A sixfirhy (Depths:2)
  5 skeletal warriors
  2 goliath frogs (Swamp:3)
  Lodul (D:12)
  A salamander mystic (Snake:3)
  5 spriggan druids
  12 swamp dragons
  10 naga ritualists
  3 flayed ghosts
  A shadow demon (Depths:2)
  3 wizards
  2 phantasmal warriors (Depths:2)
  9 orc knights
  3 bog bodies
  A necromancer (Depths:1)
  Pikel (D:8)
  6 deep elf zephyrmancers
  11 deep elf pyromancers
  16 ugly things
  A wolf spider (D:14)
  12 mana vipers
  4 cyclopes
  5 oklob plants
  4 will-o-the-wisps
  2 orc sorcerers
  10 salamanders
  3 worldbinders (WizLab)
  8 manticores
  21 elephants
  2 guardian serpents
  15 naga magi
  2 apocalypse crabs (Abyss:2)
  Joseph (D:8)
  A vault sentinel (Vaults:1)
  2 gargoyles
  15 cane toads
  31 black mambas
  6 smoke demons
  Psyche (D:8)
  A kobold demonologist (D:12)
  A hellion (Gauntlet)
  A rime drake (Lair:2)
  An unseen horror (D:11)
  Maggie (D:7)
  2 freezing wraiths (D:15)
  2 hellwings
  An efreet (D:13)
  8 komodo dragons
  An ancient zyme (Abyss:2)
  19 starcursed masses
  2 tengu conjurers
  A red devil (Abyss:2)
  A tormentor (Abyss:2)
  3 meliai (D:14)
  A wolf spider simulacrum (D:14)
  7 tyrant leeches
  11 trolls
  Prince Ribbit (D:7)
  11 hornets
  A polar bear (Lair:4)
  A raiju (Gauntlet)
  23 blink frogs
  9 slime creatures
  Sigmund (D:5)
  A flying skull (Abyss:2)
  A spriggan (shapeshifter) (Elf:1)
  2 shadows (D:9)
  7 spriggans
  6 wyverns
  3 water elementals
  2 air elementals (Elf:1)
  54 yaks
  Eustachio (D:5)
  3 ynoxinuls (Abyss:2)
  3 hogs (Snake:4)
  A fire elemental (Elf:1)
  11 basilisks
  A neqoxec (Depths:2)
  2 humans (D:10)
  20 vampire mosquitoes
  3 chaos spawn (Abyss:2)
  A steam dragon (Gauntlet)
  6 wargs
  A swamp worm (shapeshifter) (Abyss:2)
  15 swamp worms
  52 nagas
  5 acid dragons
  18 water moccasins
  2 hell hounds (Gauntlet)
  6 swamp drakes (Swamp:4)
  54 orc warriors
  2 sky beasts (D:7)
  3 ice beasts
  2 black bears
  20 wolves
  4 large abominations (Abyss:2)
  16 ogres
  7 centaurs
  4 phantoms
  4 kobold brigands
  7 small abominations
  11 bullfrogs
  3 gnoll sergeants
  6 necrophages (Lair:4)
  2 scorpions
  An earth elemental (Elf:1)
  3 wights (D:6)
  15 killer bees
  6 howler monkeys
  A jelly (shapeshifter) (Abyss:2)
  A quasit (Abyss:2)
  3 jellies
  16 orc priests
  2 hounds
  An iron imp (Abyss:2)
  Ijyb (D:4)
  6 iguanas
  22 orc wizards
  6 hell rats (Lair:3)
  Robin (D:4)
  28 gnolls
  5 adders
  A shadow imp (D:5)
  A white imp (D:7)
  An ufetubus (D:6)
  A worm (D:2)
  131 orcs
  12 ball pythons
  4 bats
  15 endoplasms
  3 giant cockroaches
  16 goblins
  14 hobgoblins
  7 jackals
  5 quokkas
  3 frilled lizards
  11 kobolds
  7 rats
  A starspawn tentacle (Abyss:2)
1321 creatures vanquished.

Vanquished Creatures (collateral kills)
  A storm dragon (Depths:2)
  A deep troll shaman (Depths:2)
2 creatures vanquished.

Vanquished Creatures (others)
  A lich (Depths:2)
  A deep elf zephyrmancer (WizLab)
  A smoke demon (Gauntlet)
  A hornet (Swamp:1)
  2 bloated husks
  A water elemental (Elf:1)
  2 humans (Snake:4)
  2 swamp worms (Swamp:4)
  A swamp drake (Swamp:4)
  An orc (Orc:1)
  10 demonic plants (Gauntlet)
  20 foxfires
  17 fungi
  12 plants
  3 starspawn tentacles (Abyss:2)
75 creatures vanquished.

Grand Total: 1398 creatures vanquished

Notes
Turn   | Place    | Note
-------+----------+-------------------------------------------
     0 | D:1      | Decritt the Gargoyle Fighter began the quest for the Orb.
     0 | D:1      | Reached XP level 1. HP: 14/14 MP: 1/1
   196 | D:1      | Reached XP level 2. HP: 19/19 MP: 2/2
   749 | D:1      | Reached XP level 3. HP: 18/23 MP: 3/3
  1609 | D:2      | Reached XP level 4. HP: 28/29 MP: 4/4
  1766 | D:2      | Found a faded altar of an unknown god.
  1767 | D:2      | Noticed a great orb of eyes
  1769 | D:2      | Noticed a floating eye
  1769 | D:2      | Noticed a golden eye
  1769 | D:2      | Noticed a shining eye
  2054 | D:3      | Reached skill level 4 in Fighting
  2116 | D:3      | Found a shadowy altar of Dithmenos.
  2621 | D:3      | Reached XP level 5. HP: 33/33 MP: 5/5
  3033 | D:4      | Noticed Robin
  3177 | D:4      | Killed Robin
  3251 | D:4      | Noticed a phantom
  3272 | D:4      | Killed a phantom
  3273 | D:4      | Reached XP level 6. HP: 36/39 MP: 6/6
  3658 | D:4      | Found a staircase to the Ecumenical Temple.
  3685 | Temple   | Entered the Ecumenical Temple
  3692 | Temple   | Became a worshipper of the Shining One
  3823 | D:5      | Entered Level 5 of the Dungeon
  3847 | D:5      | Noticed Sigmund
  3912 | D:5      | Reached skill level 5 in Fighting
  3912 | D:5      | Reached skill level 5 in Armour
  3912 | D:5      | Reached skill level 5 in Shields
  3972 | D:4      | Reached XP level 7. HP: 26/44 MP: 7/7
  4404 | D:5      | Identified the ring "Pabang" {rElec rF+ MP+9}
  4998 | D:5      | Noticed Eustachio
  5006 | D:5      | Killed Eustachio
  5007 | D:5      | Reached XP level 8. HP: 51/51 MP: 8/8
  5159 | D:5      | Noticed Ijyb
  5184 | D:4      | Killed Ijyb
  5456 | D:5      | Killed Sigmund
  5457 | D:5      | Reached skill level 6 in Fighting
  5457 | D:5      | Reached skill level 5 in Maces & Flails
  5536 | D:6      | Reached * piety under the Shining One
  5599 | D:6      | Identified a scroll of acquirement
  5599 | D:6      | Acquired the amulet "Sugem" {Faith Regen+ Str+2}
  5717 | D:6      | Reached skill level 1 in Invocations
  5761 | D:6      | Reached skill level 1 in Throwing
  5927 | D:6      | Reached XP level 9. HP: 25/56 MP: 10/10
  6086 | D:6      | Reached skill level 7 in Fighting
  6695 | D:7      | Found an opulent altar of Gozag.
  6753 | D:7      | Noticed Prince Ribbit
  6765 | D:7      | Killed Prince Ribbit
  6780 | D:7      | Noticed Maggie
  6789 | D:7      | Killed Maggie
  6958 | D:7      | Reached ** piety under the Shining One
  6982 | D:7      | Reached skill level 8 in Fighting
  7079 | D:7      | Noticed a two-headed ogre
  7086 | D:7      | Killed a two-headed ogre
  7087 | D:7      | Reached XP level 10. HP: 65/65 MP: 12/12
  7633 | D:8      | Found Ahazagir's Assorted Antiques.
  7700 | D:8      | Bought a potion of heal wounds for 90 gold pieces
  7700 | D:8      | Bought a potion of curing for 54 gold pieces
  7700 | D:8      | Bought a potion of heal wounds for 90 gold pieces
  7781 | D:8      | Reached skill level 9 in Fighting
  8013 | D:8      | Noticed Psyche
  8024 | D:8      | Killed Psyche
  8117 | D:8      | Noticed Pikel
  8136 | D:8      | Killed Pikel
  8317 | D:8      | Noticed Joseph
  8334 | D:8      | Killed Joseph
  8512 | D:8      | Found a broken altar of Ashenzari.
  8600 | D:9      | Reached XP level 11. HP: 61/72 MP: 14/14
  8629 | D:9      | Reached skill level 5 in Invocations
  8724 | D:9      | Reached skill level 10 in Fighting
  8724 | D:9      | Reached skill level 10 in Armour
  8759 | D:9      | Found a staircase to the Orcish Mines.
  8786 | D:9      | Noticed a centaur warrior
  8791 | D:9      | Noticed a death yak
  8791 | D:9      | Reached *** piety under the Shining One
  8795 | D:9      | Noticed a death yak
  8800 | D:9      | Noticed a death yak
  8801 | D:9      | Noticed a death yak
  8802 | D:9      | Noticed a death yak
  8807 | D:9      | Noticed a death yak
  8970 | D:8      | Killed a death yak
  8990 | D:8      | Was placed under penance by the Shining One
  8990 | D:8      | Fell from the grace of the Shining One
  9273 | Temple   | Became a worshipper of the Shining One
  9429 | D:8      | Killed a death yak
  9432 | D:8      | Killed a death yak
  9436 | D:8      | Killed a centaur warrior
  9437 | D:8      | Reached skill level 1 in Dodging
  9487 | D:8      | Killed a death yak
  9820 | D:8      | HP: 1/73 [death yak (18)]
 10188 | D:9      | Found a staircase to the Lair.
 10266 | D:9      | Killed a death yak
 10267 | D:9      | Reached skill level 5 in Throwing
 10267 | D:9      | Reached XP level 12. HP: 77/79 MP: 16/16
 10398 | D:9      | Reached skill level 11 in Fighting
 10842 | D:8      | Found a sparkling altar of Nemelex Xobeh.
 10842 | D:8      | Found a shimmering blue altar of Sif Muna.
 10842 | D:8      | Found a basalt altar of Yredelemnul.
 11007 | D:10     | Entered Level 10 of the Dungeon
 11049 | D:10     | Found an iron altar of Okawaru.
 11181 | D:10     | Found a flagged portal.
 11197 | Bailey   | Entered a bailey
 11344 | Bailey   | Reached skill level 10 in Maces & Flails
 11670 | D:10     | Found a snail-covered altar of Cheibriados.
 11819 | D:10     | Found an ancient bone altar of Kikubaaqudgha.
 11877 | D:10     | Acquired the +10 morningstar "Eos" {elec, Halo rElec}
 11877 | D:10     | Found the +10 morningstar "Eos" {elec, Halo rElec}
 12299 | Temple   | Fell from the grace of the Shining One
 12299 | Temple   | Became a worshipper of Zin the Law-Giver
 12299 | Temple   | Reached * piety under Zin
 12299 | Temple   | Reached ** piety under Zin
 12300 | Temple   | Donated 203 gold pieces to Zin
 12301 | Temple   | Donated 102 gold pieces to Zin
 12302 | Temple   | Donated 51 gold pieces to Zin
 12595 | D:11     | Found Xinkunez's Armour Emporium.
 12658 | D:11     | Found a gate leading to a gauntlet.
 12663 | Gauntlet | Entered a Gauntlet
 12663 | Gauntlet | Found a transporter.
 12663 | Gauntlet | Found a transporter.
 12667 | Gauntlet | Found a transporter.
 12667 | Gauntlet | Found a transporter.
 12676 | Gauntlet | Found a transporter.
 12690 | Gauntlet | Found a transporter.
 12707 | Gauntlet | Found a transporter.
 12711 | Gauntlet | Noticed a cacodemon
 12715 | Gauntlet | Found a transporter.
 12715 | Gauntlet | Found a transporter.
 12716 | Gauntlet | Found the amulet of the Air {Inacc Air Fly rElec RMsl}
 12717 | Gauntlet | Found a transporter.
 12717 | Gauntlet | Noticed a thrashing horror
 12717 | Gauntlet | Noticed a thrashing horror
 12740 | Gauntlet | Found a transporter.
 12806 | Gauntlet | Found a transporter.
 12823 | Gauntlet | Found a transporter.
 12837 | Gauntlet | Found a transporter.
 12928 | Gauntlet | Found a transporter.
 12942 | Gauntlet | Found a transporter.
 13307 | Gauntlet | Identified the +2 ring mail "Xudd" {Rampage rC+}
 13307 | Gauntlet | Noticed a minotaur
 13323 | Gauntlet | Killed a minotaur
 13453 | Gauntlet | Got the Monograph on Evolution
 13455 | Gauntlet | Identified the -1 buckler of Qalast {rF+ rC+ Dex+2 Slay+3}
 13456 | Gauntlet | Got the Compendium of Necrotic Malediction
 13661 | D:11     | Reached *** piety under Zin
 13882 | D:11     | Identified the +8 sling of Truncation {vorpal, rC+}
 14297 | D:12     | Noticed Lodul
 14322 | D:12     | Killed Lodul
 14323 | D:12     | Reached skill level 12 in Fighting
 14329 | D:12     | Reached **** piety under Zin
 14329 | D:12     | Reached ***** piety under Zin
 14380 | D:12     | Noticed a sun demon
 14384 | D:12     | Reached XP level 13. HP: 76/86 MP: 18/18
 14826 | D:13     | Noticed Jorgrun
 14838 | D:13     | Killed Jorgrun
 14903 | D:13     | Noticed Snorg
 14912 | D:13     | Killed Snorg
 15068 | Lair:1   | Entered Level 1 of the Lair of Beasts
 15375 | Lair:1   | Reached ****** piety under Zin
 15453 | Lair:1   | Reached skill level 13 in Fighting
 16282 | Lair:2   | Found a transporter.
 16286 | Lair:2   | Noticed Iidacon's ghost (journeyman FoFi)
 16298 | Lair:2   | Found a transporter.
 16381 | Lair:2   | Found a staircase to the Snake Pit.
 16567 | Lair:2   | Gained mutation: Your large and strong wings let you fly.
                  | [Gargoyle growth]
 16567 | Lair:2   | Reached XP level 14. HP: 94/94 MP: 20/20
 17009 | Lair:2   | Found a staircase to the Swamp.
 17190 | Lair:3   | Noticed Nergalle
 17197 | Lair:2   | Killed Nergalle
 17198 | Lair:2   | Reached skill level 10 in Shields
 17496 | Lair:3   | Reached skill level 14 in Fighting
 17657 | Lair:3   | Found an iron altar of Okawaru.
 18136 | Lair:4   | Found a staircase to the Slime Pits.
 18934 | Lair:5   | Entered Level 5 of the Lair of Beasts
 19395 | Lair:5   | Reached XP level 15. HP: 101/101 MP: 22/22
 19624 | Lair:5   | Reached skill level 15 in Fighting
 20013 | Lair:5   | Reached skill level 10 in Invocations
 20509 | Orc:1    | Entered Level 1 of the Orcish Mines
 21115 | Orc:2    | Entered Level 2 of the Orcish Mines
 21115 | Orc:2    | Noticed an orc warlord
 21239 | Orc:1    | Killed an orc warlord
 21599 | Orc:2    | Noticed Saint Roka
 22512 | Orc:1    | Killed Saint Roka
 22788 | Orc:2    | Noticed Erolcha
 22799 | Orc:2    | Killed Erolcha
 22805 | Orc:2    | Found Oklony Zaer's Armour Boutique.
 22815 | Orc:2    | Found a staircase to the Elven Halls.
 23076 | Orc:2    | Found Wuaqeunn's Weapon Boutique.
 23224 | Orc:2    | Found Canog's Distillery.
 23224 | Orc:2    | Found Nooqao Vaap's Book Shoppe.
 23270 | Orc:2    | Bought 2 potions of heal wounds for 120 gold pieces
 23344 | Orc:2    | Found Hauno's Book Boutique.
 23344 | Orc:2    | Found Rosammeo's Distillery.
 23368 | Orc:2    | Bought a potion of haste for 140 gold pieces
 23368 | Orc:2    | Bought a potion of heal wounds for 70 gold pieces
 23368 | Orc:2    | Bought a potion of heal wounds for 70 gold pieces
 23396 | Orc:2    | Found Xaenikk's Armour Shoppe.
 23794 | Orc:2    | Bought 2 potions of curing for 72 gold pieces
 23794 | Orc:2    | Bought a potion of curing for 36 gold pieces
 23794 | Orc:2    | Bought a potion of haste for 120 gold pieces
 23794 | Orc:2    | Bought a potion of curing for 36 gold pieces
 23794 | Orc:2    | Bought a potion of mutation for 96 gold pieces
 23907 | Snake:1  | Entered Level 1 of the Snake Pit
 24079 | Snake:1  | Reached skill level 16 in Fighting
 24079 | Snake:1  | Reached XP level 16. HP: 112/112 MP: 23/23
 24104 | Snake:1  | Reached XP level 17. HP: 116/116 MP: 24/24
 24312 | Snake:1  | Reached skill level 17 in Fighting
 24950 | Snake:2  | Noticed Vashnia
 25022 | Snake:1  | Killed Vashnia
 25268 | Swamp:1  | Entered Level 1 of the Swamp
 26035 | Swamp:2  | Noticed Louise
 26047 | Abyss:2  | Cast into level 2 of the Abyss (Louise)
 26093 | Swamp:2  | Escaped the Abyss
 26111 | Swamp:2  | Killed Louise
 26258 | Swamp:2  | Identified the +5 trident "Kuodduda" {vorpal, Stlth+}
 27171 | Swamp:3  | Paralysed by a fenstrider witch for 3 turns
 27580 | Swamp:4  | Entered Level 4 of the Swamp
 27626 | Swamp:4  | Noticed a tentacled monstrosity
 27668 | Swamp:4  | Killed a tentacled monstrosity
 27804 | Swamp:4  | Reached skill level 5 in Dodging
 27963 | Swamp:4  | Reached skill level 18 in Fighting
 27967 | Swamp:4  | Reached skill level 15 in Armour
 27967 | Swamp:4  | Reached XP level 18. HP: 34/125 MP: 26/26
 29247 | Swamp:4  | Got a decaying rune of Zot
 29278 | Swamp:4  | Identified the +5 ring mail "Soxofre" {rElec Int+3}
 30273 | Snake:2  | Identified the +1 robe "Tupaghim" {Dex+4}
 30552 | Snake:2  | Found Gieq's General Store.
 30780 | Snake:2  | Found Pateq's Weapon Shop.
 31043 | Lair:2   | Killed Iidacon's ghost
 31978 | D:13     | Found a gate to the Vaults.
 32019 | Vaults:1 | Entered Level 1 of the Vaults
 32032 | Abyss:2  | Cast into level 2 of the Abyss (a wizard)
 32066 | Abyss:2  | Noticed a bone dragon
 32271 | Abyss:2  | Paralysed by accursed screaming for 1 turns
 32279 | Abyss:2  | Paralysed by accursed screaming for 1 turns
 32286 | Abyss:2  | Found a corrupted altar of Lugonu.
 32505 | Abyss:2  | Reached skill level 15 in Shields
 32591 | Abyss:2  | Found a corrupted altar of Lugonu.
 32603 | Vaults:1 | Escaped the Abyss
 32615 | Vaults:1 | Reached XP level 19. HP: 40/132 MP: 28/28
 32707 | Vaults:1 | Reached skill level 15 in Maces & Flails
 33341 | D:14     | Reached skill level 19 in Fighting
 33540 | D:14     | Identified the +6 trident of Hukkonk {flame, Int+5 Dex+4}
 33729 | D:15     | Entered Level 15 of the Dungeon
 33825 | D:15     | Paralysed by an orc sorcerer for 2 turns
 34360 | D:15     | Found a staircase to the Depths.
 34398 | Depths:1 | Entered Level 1 of the Depths
 34498 | Depths:1 | Found Zin's Purification Station.
 34595 | Depths:1 | Found a magical portal.
 34599 | WizLab   | Entered Alistair's Party Mansion
 35190 | Depths:1 | Found a gateway to Hell.
 37376 | Snake:4  | Entered Level 4 of the Snake Pit
 37378 | Snake:4  | Noticed Kirke
 37398 | Snake:4  | Killed Kirke
 37428 | Snake:4  | Found a flickering gateway to a bazaar.
 37437 | Bazaar   | Entered a bazaar
 37458 | Bazaar   | Found Atyufa's Jewellery Boutique.
 37480 | Bazaar   | Found Mapnuepuwk's Antique Weapon Emporium.
 37501 | Bazaar   | Found Meumoon's Book Boutique.
 37521 | Bazaar   | Found Liep's Weapon Shoppe.
 37839 | Snake:4  | Reached XP level 20. HP: 137/140 MP: 29/29
 38314 | Snake:4  | Reached skill level 20 in Fighting
 38391 | Snake:4  | Got a serpentine rune of Zot
 39975 | Depths:1 | Found a glowing silver altar of Zin.
 40473 | Depths:1 | Identified the +10 demon trident of the Disturbing Stories
                  | {flame, rCorr}
 40638 | Depths:2 | Noticed Nikola
 41429 | Depths:2 | Found a one-way gateway to a ziggurat.
 41429 | Depths:2 | Noticed an ancient lich
 41429 | Depths:2 | Noticed a dread lich
 41519 | Depths:2 | Identified the +5 tower shield of the Several Thickets
                  | {*Corrode +Blink Str+4}
 41978 | Depths:2 | Noticed a Brimstone Fiend
 42113 | Depths:2 | Killed Nikola
 42153 | Depths:2 | Acquired the amulet of Peskiem {Faith Will+++}
 42666 | Depths:2 | Gained mutation: Armour fits poorly on your strangely
                  | shaped body. [a neqoxec]
 42673 | Depths:2 | Found a one-way gate leading to the halls of Pandemonium.
 42766 | Depths:2 | Noticed a Brimstone Fiend
 43073 | Depths:2 | Noticed a Brimstone Fiend
 43750 | Depths:2 | Noticed a Tzitzimitl
 44434 | Depths:2 | Noticed a Tzitzimitl
 44434 | Depths:2 | Noticed a Tzitzimitl
 44434 | Depths:2 | Noticed a Brimstone Fiend
 45449 | Elf:1    | Entered Level 1 of the Elven Halls
 45464 | Elf:1    | Reached XP level 21. HP: 111/147 MP: 31/31
 45464 | Elf:1    | Paralysed by an air elemental for 1 turns
 45472 | Elf:1    | Paralysed by an air elemental for 1 turns
 46209 | Elf:1    | HP: 7/148 [balrug/divine providence[a deep elf
                  | demonologist] (16)]
 46209 | Elf:1    | Mangled by a Hell Sentinel

Illustrated notes

Levels and vault maps discovered:
D:1:      beargit_arrival_diablo_church, layout_basic, hangedman_decor_points
D:2:      layout_basic, hellmonk_ecumenical_altar_watching_god, minivault_14
D:3:      layout_basic, nicolae_dithmenos_the_darkroom
D:4:      layout_gridville, temple_green, uniq_robin
D:5:      layout_basic, uniq_sigmund, uniq_eustachio, uniq_ijyb
D:6:      layout_gridville
D:7:      layout_loops_corners, grunt_gozag_statues, kennysheep_small_square,
          uniq_prince_ribbit1, uniq_maggie
D:8:      layout_basic, nicolae_overflow_hidden_temple, serial_shops, shop,
          nicolae_straight_to_the_point, uniq_psyche, uniq_pikel, uniq_joseph
D:9:      layout_rooms, dpeg_lair_monsters, david_orc_2, grunt_tough_drop
D:10:     layout_basic, okawaru_humans,
          mainiacjoe_overflow_concentric_impassable,
          mainiacjoe_overflow_small_starburst, enter_bailey_7
D:11:     layout_loops_ring, serial_shops, kennysheep_mini,
          gauntlet_entry_generic
D:12:     layout_gridville, uniq_lodul
D:13:     layout_layer_cave, skrybe_vaults_entry_preservation, uniq_snorg,
          uniq_jorgrun
D:14:     layout_rooms, hangedman_corner_corridor
D:15:     grunt_enter_depths_hoard, layout_cross
Temple:   cyrus_circular_temple
Lair:1:   layout_cellular_growth, guppyfry_lair_drakes, grunt_megastairs_5,
          lemuel_fruit_tree
Lair:2:   layout_roguey, palyth_hydra_swamp_entry, guppyfry_snake_entry_garden,
          gammafunk_ghost_arena
Lair:3:   layout_concentric_octagons, basic_altar, uniq_nergalle
Lair:4:   layout_hall_layers, minmay_slime_entry_pillars, minmay_holes,
          roderic_carrion_pond, infiniplex_staircase_pool_2, lemuel_fruit_fields
Lair:5:   evilmike_catoblepas_cave, layout_loops_ring,
          small_statue_intersection, nicolae_lair_lil_pond
Swamp:1:  layout_basic_swamp, serial_swamp_ruin, evilmike_swamp_ruin_house_1,
          evilmike_swamp_ruin_house_6
Swamp:2:  layout_basic_swamp, nicolae_swamp_round_clearing,
          infiniplex_staircase_pool, uniq_louise
Swamp:3:  layout_falls_marsh, nicolae_swamp_very_dense_foliage
Swamp:4:  swamp, layout_basic_swamp, swamp_pool1, nicolae_swamp_baby_hydras
Snake:1:  layout_layer_cave, st_stairs_12
Snake:2:  dpeg_oklob_gauntlet, layout_grid_shapes, serial_shops, shop,
          nicolae_shop_bloodbath_and_beyond, uniq_vashnia
Snake:3:  layout_misc_corridors, serial_bayou_pond_c
Snake:4:  minmay_snake_end_coiled, layout_grid_shapes, serial_shops,
          bzr_entry_water, uniq_kirke
Orc:1:    layout_caves
Orc:2:    st_orc_town, layout_diamond_mine, serial_shops,
          nicolae_shop_hallway_plus, shop, shop, lightli_orcish_oven,
          uniq_saint_roka, uniq_erolcha
Elf:1:    elf_arrival_002, layout_gridlike, minivault_28
Vaults:1: nicolae_vaults_border_crossing, hangedman_vaults_locks, v_misc_30,
          nicolae_vaults_ninety_degrees, vaults_dpeg_hooks,
          layout_vaults_omnigrid, serial_shops, bzr_entry_customers, uniq_zenata
Depths:1: layout_gridlike, mu_enter_wizlab_7, hellmouth_2, zin_purify
Depths:2: abrahamwl_protected_by_tso_1, layout_gridlike, enter_ziggurat_d,
          grunt_decor_mini_mirrors, rand_demon_pan_entry_1,
          hangedman_coc_ice_floe, minmay_librarian, uniq_nikola
Depths:3: grunt_forest_end_winery, layout_basic, hell_entry, abyss_entry,
          interstate_on_off, infiniplex_staircase_zigzag_1

Skill      XL: |  1  2  3  4  5  6  7  8  9 10 11 12 13 14 15 16 17 18 19 20 |
---------------+-------------------------------------------------------------+-----
Armour         | 4 5 6 8 9 10 11 12 13 14 15 16 17 | 17.6
Fighting       | 4 5 6 8 9 10 12 13 14 16 18 19 20 | 20.8
Shields        | 4 5 6 7 9 11 12 13 15 16 | 16.9
Maces & Flails | 3 4 5 7 8 9 10 11 12 13 14 15 16 | 16.4
Invocations    | 1 3 4 6 7 8 9 10 11 12 13 | 13.6
Throwing       | 1 3 5 6 |  6.0
Dodging        | 1 3 5 6 7 8 |  8.9

Action                   |  1- 3 |  4- 6 |  7- 9 | 10-12 | 13-15 | 16-18 | 19-21 || total
-------------------------+-------+-------+-------+-------+-------+-------+-------++-------
Melee: Flail             |    97 |   239 |   292 |   218 |       |       |       ||   846
       Whip              |       |       |       |   125 |       |       |       ||   125
       Morningstar       |       |       |       |   392 |   970 |   924 |  1309 ||  3595
Throw: Dart              |       |       |    40 |    25 |       |       |       ||    65
       Boomerang         |       |       |       |    55 |   233 |    81 |    50 ||   419
       Javelin           |       |       |       |       |       |     7 |     2 ||     9
Invok: Donate Gold       |       |       |       |     3 |       |       |       ||     3
       Vitalisation      |       |       |       |       |     1 |     2 |     1 ||     4
       Sanctuary         |       |       |       |       |       |     2 |     2 ||     4
       Recite            |       |       |       |       |       |     2 |     4 ||     6
       Imprison          |       |       |       |       |       |     1 |       ||     1
Evoke: Wand              |       |       |       |       |       |    38 |       ||    38
  Use: Scroll            |       |       |    11 |    21 |     5 |     8 |    13 ||    58
       Potion            |       |       |     2 |    10 |     5 |     3 |     5 ||    25
 Stab: Petrified         |       |       |       |       |     1 |       |       ||     1
       Confused          |       |       |       |       |       |     1 |     1 ||     2
       Invisible         |       |       |       |       |       |       |     1 ||     1
Armor: Scale mail        |    42 |   172 |   163 |       |       |       |       ||   377
       Swamp dragon scal |       |       |    29 |   525 |       |       |       ||   554
       Skin              |       |       |       |     2 |       |       |       ||     2
       Ring mail         |       |       |       |    24 |   513 |       |       ||   537
       Plate armour      |       |       |       |       |   166 |   825 |   659 ||  1650
Dodge: Dodged            |    58 |   177 |   171 |   462 |   359 |   272 |   311 ||  1810
Block: Buckler           |    21 |    82 |    98 |   188 |       |       |       ||   389
       Tower shield      |       |       |       |    58 |  1203 |  1207 |  1491 ||  3959

Table legend: (Time is in decaauts)
 A = Elapsed time spent in this place.
 B = Non-inter-level travel time spent in this place.
 C = Inter-level travel time spent in this place.
 D = Time resting spent in this place.
 E = Time spent auto-exploring this place.
 F = Levels seen in this place.
 G = Mean time per level.
                   A        B        C        D        E       F      G
               +--------+--------+--------+--------+--------+-----+--------+
         Total |  46541 |  43060 |   3481 |  11557 |  18611 |  42 | 1108.1 |
       Dungeon |  17986 |  16145 |   1841 |   2912 |   9030 |  15 | 1199.1 |
        Temple |     69 |     53 |     16 |      0 |      0 |   1 |   69.0 |
          Lair |   6205 |   5559 |    646 |    828 |   3326 |   5 | 1241.0 |
         Swamp |   4184 |   4033 |    151 |   1587 |   1447 |   4 | 1046.0 |
     Snake Pit |   5632 |   5176 |    456 |   1432 |   2018 |   4 | 1408.0 |
  Orcish Mines |   3244 |   3081 |    163 |   1603 |    715 |   2 | 1622.0 |
   Elven Halls |    510 |    510 |      0 |     21 |    297 |   1 |  510.0 |
        Vaults |     99 |     99 |      0 |      0 |      0 |   1 |   99.0 |
        Depths |   6372 |   6168 |    204 |   2924 |   1327 |   3 | 2124.0 |
         Abyss |    612 |    612 |      0 |     56 |      3 |   2 |  306.0 |
        Bazaar |    123 |    123 |      0 |     17 |     82 |   1 |  123.0 |
        Bailey |    299 |    299 |      0 |      0 |    184 |   1 |  299.0 |
        Wizlab |    379 |    379 |      0 |     70 |     74 |   1 |  379.0 |
      Gauntlet |    821 |    821 |      0 |    106 |    108 |   1 |  821.0 |
               +--------+--------+--------+--------+--------+-----+--------+

Top non-repeatable levels by time:
Depths:2: 3466 daAuts
Depths:1: 2837 daAuts
     D:8: 2103 daAuts
   Orc:1: 1967 daAuts
 Snake:2: 1918 daAuts
     D:9: 1718 daAuts
 Snake:1: 1511 daAuts
  Lair:2: 1510 daAuts
 Swamp:3: 1408 daAuts
  Lair:1: 1370 daAuts
     D:4: 1360 daAuts
    D:13: 1319 daAuts
     D:5: 1317 daAuts
     D:1: 1311 daAuts
   Orc:2: 1276 daAuts
